 Seeded DCSS version 0.29.1-15-g9cfb28693d (webtiles) character file.

Game seed: 16245865983455551772 (custom seed)

2 Atreus the Chopper (level 1, 19/19 HPs)
             Began as a Palentonga Berserker on Mar 9, 2023.
             Was a Follower of Trog.
             Quit the game on level 1 of the Dungeon on Mar 10, 2023.
             The game lasted 00:01:26 (63 turns).

Atreus the Chopper (Palentonga Berserker)             Turns: 63, Time: 00:01:26

Health: 19/19      AC:  4    Str: 22    XL:     1   Next: 33%
Magic:  1/1        EV:  9    Int:  7    God:    Trog [*.....]
Gold:   0          SH:  0    Dex:  9    Spells: 0/0 levels left

rFire   . . .      SeeInvis +   a - +0 hand axe
rCold   . . .      Faith    .   (no shield)
rNeg    . . .      Spirit   .   b - +0 animal skin
rPois   .          Reflect  .   (no helmet)
rElec   .          Harm     .   (no cloak)
rCorr   .          Rampage  .   (no gloves)
Will    .....                   (no barding)
Stlth   +.........              (no amulet)
HPRegen 0.06/turn               (no ring)
MPRegen 0.07/turn               (no ring)

@: no status effects
A: large, rugged brown scales 3, see invisible, deformed body, roll 1, armoured
tail
a: Rolling Charge, Renounce Religion, Berserk


You were on level 1 of the Dungeon.
You worshipped Trog.
Trog was aware of your devotion.
You visited 1 branch of the dungeon, and saw 1 of its levels.

Inventory:

Hand Weapons
 a - a +0 hand axe (weapon)
 c - the +6 arbalest of World Downfall {penet, rElec rF- Str+2 Dex+4}
   (You acquired it on level 1 of the Dungeon)

   Any ammunition fired by it passes through the targets it hits, potentially
   hitting all targets in its path until it reaches maximum range.
   Str:       It affects your strength (+2).
   Dex:       It affects your dexterity (+4).
   rF:        It makes you vulnerable to fire.
   rElec:     It insulates you from electricity.
Armour
 b - a +0 animal skin (worn)
 d - the +2 barding of the Playwright {Will+ rCorr Int+4 Dex+4}
   (You acquired it on level 1 of the Dungeon)

   Int:       It affects your intelligence (+4).
   Dex:       It affects your dexterity (+4).
   rCorr:     It protects you from acid and corrosion.
   Will:      It increases your willpower.
 e - the +1 barding of Boredom {rC+}
   (You acquired it on level 1 of the Dungeon)

   rC:        It protects you from cold.


   Skills:
 + Level 3.0 Fighting
 + Level 3.0 Axes
 + Level 1.5 Armour
 + Level 1.6 Dodging


You couldn't memorise any spells.
You didn't know any spells.
Your spell library was empty.

Dungeon Overview and Level Annotations

Branches:
Dungeon (1/15)

Altars:


Innate Abilities, Weirdness & Mutations

You are completely covered in rugged brown scales. (AC +3, +7% HP)
You have supernaturally acute eyesight. (SInv)
Armour fits poorly on your strangely shaped body.
You can roll at nearby foes to attack.
You have a long armoured tail.


Message History

A quokka comes into view.
An endoplasm comes into view.
The endoplasm quivers.
You hit the endoplasm but do no damage. You closely miss the goblin.
The endoplasm hits you but does no damage.
The goblin hits you with a +0 dagger.
You hit the endoplasm but do no damage. You hit the goblin.
You kill the goblin!
Trog accepts your kill.
The endoplasm hits you but does no damage.
You hit the endoplasm.
The endoplasm is severely wounded.
The endoplasm closely misses you.
You hit the endoplasm but do no damage.
The endoplasm is severely wounded.
The endoplasm completely misses you.
You hit the endoplasm.
You kill the endoplasm!
Trog accepts your kill.
Found 3 scrolls labelled WAC GOIFOFITOUPLEC.
c - 3 scrolls labelled WAC GOIFOFITOUPLEC
There are no items here.
This is a scroll of acquirement!
Something appears at your feet!
d - the +2 barding of the Playwright {Will+ rCorr Int+4 Dex+4} Something appears at your feet!
e - the +1 barding of Boredom {rC+} Something appears at your feet!
You aren't carrying any scrolls.
c - the +6 arbalest of World Downfall {penet, rElec rF- Str+2 Dex+4} You aren't carrying any scrolls.
Your library has no spells.
Unknown command.
Saving game... please wait.
Welcome back, Atreus the Palentonga Berserker.
Game seed: 16245865983455551772 (custom seed) Trog says: Kill them all!
Press ? for a list of commands and other information.
You aren't carrying any scrolls.
Are you sure you want to abandon this character and quit the game? (Confirm with "yes".)

# .# #.# #
######..###
##.##.#..........
.......@#..#.....
##.##...#..# ...
#...###.## # #...
#..# ...# #..#
##.## .... #..#.r
#..# ....#
#.##...##.##
....# ..#....
#..#.....#
#.....#).#....#


There were no monsters in sight!

Vanquished Creatures
  An endoplasm (D:1)
  A goblin (D:1)
2 creatures vanquished.

Notes
Turn   | Place    | Note
-------+----------+-------------------------------------------
     0 | D:1      | Atreus the Palentonga Berserker began the quest for the
                  | Orb.
     0 | D:1      | Reached XP level 1. HP: 19/19 MP: 1/1
    57 | D:1      | Identified 3 scrolls of acquirement
    57 | D:1      | Acquired the +2 barding of the Playwright {Will+ rCorr
                  | Int+4 Dex+4}
    59 | D:1      | Acquired the +1 barding of Boredom {rC+}
    61 | D:1      | Acquired the +6 arbalest of World Downfall {penet, rElec
                  | rF- Str+2 Dex+4}
    63 | D:1      | Quit the game

Illustrated notes

Levels and vault maps discovered:
D:1:      minmay_arrival_hallway, layout_loops_corners, basic_ecumenical_altar,
          minmay_unequal

Action                   || total
-------------------------++-------
Melee: Hand axe          ||     5
  Use: Scroll            ||     3
Armor: Animal skin       ||     2
Dodge: Dodged            ||     2
